 Dungeon Crawl Stone Soup version 0.31.0-12-g77e489cdc1 (webtiles) character file.

Game seed: 14906797102712425078

4831 BigDaddyOpFi the Ruffian (level 10, -7/69 HPs)
             Began as an Octopode Fighter on Feb 22, 2024.
             Mangled by Gastronok (27 damage)
             ... on level 8 of the Dungeon.
             The game lasted 00:15:56 (6834 turns).

BigDaddyOpFi the Ruffian (Octopode Fighter)         Turns: 6834, Time: 00:15:57

Health: -7/69      AC:  6    Str: 28    XL:     10   Next: 49%
Magic:  0/19       EV: 20    Int: 11    God:
Gold:   1000       SH: 11    Dex: 15    Spells: 9/9 levels left

rFire   + + +        j - +6 spear "Oteirech" {holy, rF+ Str+2}
rCold   . . .        i - +1 kite shield of the Pit {^Contam rF++ Str+3}
rNeg    + . .        t - +1 hat "Uneut" {Rampage}
rPois   .            s - amulet "Gecy" {Spirit Rampage *Corrode Str+7 SInv}
rElec   .            h - ring of positive energy
rCorr   .            k - +4 ring of protection
SInv    +            o - ring of wizardry
Will    .....        y - +5 ring of evasion
Stlth   ++           A - ring of magical power
HPRegen 0.31/turn    (no ring)
MPRegen 0.16/turn    (no ring)
                     (no ring)

%: corrode self (3%), guardian spirit, rampage, wizardry (x1)
@: no status effects
A: almost no armour, amphibious, 8 rings, camouflage 1, gelatinous body 1,
(nimble swimmer 1), tentacles
a: no special abilities


You were on level 8 of the Dungeon.
You visited 2 branches of the dungeon, and saw 9 of its levels.
You also visited: Sewer.

You collected 1000 gold pieces.

Inventory:

Hand Weapons
 f - a +6 sling of chaos
 j - the +6 spear "Oteirech" (weapon) {holy, rF+ Str+2}
   (You found it on level 3 of the Dungeon)

   Str+2:     It affects your strength (+2).
   rF+:       It protects you from fire.
 m - the +5 hammer of Ashenzari, Threshing {antimagic, Dex+5}
   (You found it on level 7 of the Dungeon)

   Dex+5:     It affects your dexterity (+5).
 B - a +4 heavy shortbow
Armour
 a - a +1 buckler
 i - the +1 kite shield of the Pit (worn) {^Contam rF++ Str+3}
   (You found it on level 2 of the Dungeon)

   Str+3:     It affects your strength (+3).
   rF++:      It greatly protects you from fire.
   ^Contam:   It causes magical contamination when unequipped.
 t - the +1 hat "Uneut" (worn) {Rampage}
   (You acquired it on level 7 of the Dungeon)

   Rampage:   It bestows one free step when moving towards enemies.
 E - an orb of guile
Jewellery
 h - a ring of positive energy (left tentacle)
 k - a +4 ring of protection (right tentacle)
 o - a ring of wizardry (on tentacle)
 s - the amulet "Gecy" (around mantle) {Spirit Rampage *Corrode Str+7 SInv}
   (You acquired it on level 7 of the Dungeon)

   [amulet of guardian spirit]

   Spirit:    It causes incoming damage to be divided between your reserves of
   health and magic.
   Str+7:     It affects your strength (+7).
   SInv:      It lets you see invisible.
   *Corrode:  It may corrode you when you take damage.
   Rampage:   It bestows one free step when moving towards enemies.
 y - a +5 ring of evasion (on tentacle)
 A - a ring of magical power (on tentacle)
Wands
 v - a wand of polymorph (2)
Scrolls
 d - 3 scrolls of teleportation
 e - 2 scrolls of amnesia {unknown}
 g - 7 scrolls of fear
 u - a scroll of fog
 D - 2 scrolls of identify
 F - a scroll of poison {unknown}
Potions
 b - a potion of might
 c - a potion of heal wounds
 l - 2 potions of haste
 p - 4 potions of curing
 q - 3 potions of brilliance
 r - a potion of degeneration {unknown}
 w - 2 potions of lignification {unknown}
 x - a potion of ambrosia {unknown}
 z - a potion of mutation {unknown}
 C - 2 potions of attraction {unknown}


   Skills:
 + Level 6.6 Fighting
 + Level 5.6 Ranged Weapons
 + Level 6.2 Throwing
 + Level 6.5 Dodging
 + Level 6.4 Shields
 * Level 7.4 Unarmed Combat


You had 9 spell levels left.
You didn't know any spells.
Your spell library contained the following spells:

 Spells                   Type           Power      Damage    Failure   Level
 Call Imp                 Summ           0%         N/A       34%         2
 Sublimation of Blood     Necr           0%         N/A       34%         2
 Dazzling Flash           Conj/Hex       0%         N/A       56%         3
 Volatile Blastmotes      Fire/Tloc      0%         2d10      56%         3
 Summon Lightning Spire   Summ/Air       0%         N/A       91%         4
 Lee's Rapid Deconstruct  Erth           0%         3d4*      99%         5
 Starburst                Conj/Fire      0%         6d3       100%        6
 Summon Hydra             Summ           0%         N/A       100%        7
 Maxwell's Capacitive Co  Air            0%         ∞         100%        8
 Animate Armour           Summ/Erth      Unusable   N/A       N/A         4

Dungeon Overview and Level Annotations

Branches:
Dungeon (8/15)             Temple (1/1) D:4           Sewer (visited)
   Lair: D:8-11

Altars:
Cheibriados
Dithmenos
Elyvilon
Fedhas
Gozag
Hepliaklqana
Kikubaaqudgha
Makhleb
Nemelex Xobeh
Okawaru
Qazlal
Ru
Sif Muna
Trog
Uskayaw
Vehumet
Wu Jian
Xom
Zin
The Shining One

Shops:
D:5 **

Annotations:
D:8 Gastronok


Innate Abilities, Weirdness & Mutations

You cannot wear most types of armour.
You are amphibious.
You can wear up to eight rings at the same time.
Your skin changes colour to match your surroundings (Stealth+).
Your rubbery body absorbs attacks. (AC +1, EV +1)
((You are camouflaged when in or above water. (Stealth+)))
You have tentacles for arms and can constrict up to eight enemies at once.


Message History

Why would you want to do that? Why would you want to do that?
Why would you want to do that?
Unknown command.
You rampage towards the bullfrog!
You feel a sudden, passing aversion to salt.
The bullfrog closely misses you.
You puncture the bullfrog! You grab the bullfrog.
The bullfrog is heavily wounded.
You constrict the bullfrog.
Gastronok is no longer moving slowly.
You block the bullfrog's attack. x2
You hit the bullfrog.
The bullfrog is almost dead.
You constrict the bullfrog!
You kill the bullfrog!
Gastronok mumbles some strange words.
Gastronok puts on a burst of speed!
You hit Gastronok.
Gastronok is severely wounded.
Gastronok bites you but does no damage.
You puncture Gastronok! You squeeze Gastronok.
Gastronok is severely wounded.
The bat closely misses you. x2
You puncture Gastronok!
You tentacle-slap Gastronok, but do no damage.
Gastronok is severely wounded.
You block the bat's attack. Gastronok bites you!!
* * * LOW HITPOINT WARNING * * *
You hit Gastronok.
Gastronok is severely wounded.
The bat hits you but does no damage.
Unknown command.
You hit Gastronok but do no damage.
Gastronok is severely wounded.
The bat misses you. You block Gastronok's attack. You block the bat's attack.
You puncture Gastronok! You squeeze Gastronok.
Gastronok is almost dead.
The bat misses you. Gastronok bites you!!
You die...
Gastronok gurgles, "Let's see if you taste as good as that wizard did."

#...†..........
######...#..........
#........##########.
#.####...######
#........†....#
#..≈§§≈≈≈§§b..#
#..§....(§.§.##
#.§≈.#####w≈.#
#..§.....#@≈.##.###
#..≈.#._.#...<.....#
#..≈.#.../.≈...###.#
#..≈$#####.≈...#
§§......≈...#
§§§≈≈≈≈≈≈.....
.§§...........#
.####.........#
#.........+


You could see Gastronok (swift, poisoned) and a bat (summoned).

Vanquished Creatures
  A rust devil (D:4)
  Jeremiah (D:7)
  3 humans (D:6)
  A fire bat (D:7)
  A steam dragon (D:8)
  Menkaure (D:5)
  4 water moccasins
  Duvessa (D:7)
  An ice beast (D:5)
  2 ogres
  4 black bears
  3 centaurs
  A crocodile (Sewer)
  A phantom (D:6)
  4 kobold brigands
  A brain worm (Sewer)
  A gnoll sergeant (D:6)
  5 bullfrogs
  A scorpion (D:7)
  Dowan (D:7)
  6 killer bees (D:8)
  3 hounds
  6 jellies
  An orc priest (D:3)
  2 iguanas
  2 sleepcaps (D:5)
  Crazy Yiuf (D:7)
  Natasha (thrice) (D:2)
  4 gnolls (D:6)
  8 adders
  A shadow imp (D:7)
  A white imp (D:6)
  5 dart slugs
  3 ribbon worms
  13 orcs
  19 bats
  13 endoplasms
  4 giant cockroaches
  9 goblins
  9 hobgoblins
  2 jackals (D:3)
  33 kobolds
  6 quokkas
  5 ball pythons
  A frilled lizard (D:3)
  8 rats
206 creatures vanquished.

Vanquished Creatures (collateral kills)
  A human (D:6)
1 creature vanquished.

Grand Total: 207 creatures vanquished

Notes
Turn   | Place    | Note
-------+----------+-------------------------------------------
     0 | D:1      | BigDaddyOpFi the Octopode Fighter began the quest for the
                  | Orb.
     0 | D:1      | Reached XP level 1. HP: 16/16 MP: 1/1
   155 | D:1      | Found a faded altar of an unknown god.
   171 | D:1      | Reached XP level 2. HP: 12/21 MP: 2/2
   496 | D:1      | Reached XP level 3. HP: 26/26 MP: 3/3
  1254 | D:2      | Identified the +1 kite shield of the Pit {^Contam rF++
                  | Str+3}
  1294 | D:2      | Noticed Natasha
  1304 | D:2      | Killed Natasha
  1305 | D:2      | Reached skill level 3 in Unarmed Combat
  1305 | D:2      | Reached XP level 4. HP: 31/31 MP: 4/4
  1360 | D:2      | Noticed Natasha
  1364 | D:2      | Killed Natasha
  1365 | D:2      | Reached skill level 1 in Ranged Weapons
  1462 | D:2      | Noticed Natasha
  1465 | D:2      | Killed Natasha
  1466 | D:2      | Reached XP level 5. HP: 36/36 MP: 5/5
  1539 | D:2      | Found a burning altar of Makhleb.
  1539 | D:2      | Found a blossoming altar of Fedhas.
  1539 | D:2      | Found a glowing silver altar of Zin.
  1539 | D:2      | Found a sacrificial altar of Ru.
  1539 | D:2      | Found a hide-covered altar of Uskayaw.
  1539 | D:2      | Found a white marble altar of Elyvilon.
  1546 | D:2      | Reached XP level 6. HP: 24/43 MP: 6/6
  1792 | D:3      | Identified the +6 spear "Oteirech" {holy, rF+ Str+2}
  1826 | D:3      | Reached skill level 4 in Unarmed Combat
  2476 | D:4      | Found a glowing drain.
  2480 | Sewer    | Entered a sewer
  2528 | Sewer    | Reached XP level 7. HP: 25/48 MP: 7/7
  2745 | D:4      | Found a staircase to the Ecumenical Temple.
  2768 | Temple   | Entered the Ecumenical Temple
  2783 | D:4      | Noticed an angel
  2964 | D:4      | Reached skill level 1 in Throwing
  3242 | D:4      | You fall into a shaft and drop 3 floors!
  3253 | D:7      | Noticed Dowan
  3269 | D:7      | Identified 3 scrolls of acquirement
  3270 | D:7      | Acquired the amulet "Gecy" {Spirit Rampage *Corrode Str+7
                  | SInv}
  3277 | D:7      | Acquired the +1 hat "Uneut" {Rampage}
  3284 | D:7      | Acquired 556 gold pieces
  3293 | D:7      | Noticed Duvessa
  3301 | D:7      | Killed Duvessa
  3312 | D:7      | Killed Dowan
  3313 | D:7      | Reached skill level 5 in Unarmed Combat
  3313 | D:7      | Reached XP level 8. HP: 51/54 MP: 8/8
  3374 | D:7      | Found a runed translucent door.
  3375 | D:7      | Noticed Crazy Yiuf
  3381 | D:7      | Killed Crazy Yiuf
  3385 | D:7      | Identified the +5 hammer of Ashenzari, Threshing
                  | {antimagic, Dex+5}
  3718 | D:6      | Reached skill level 5 in Dodging
  3745 | D:6      | Reached skill level 5 in Fighting
  3777 | D:6      | Reached skill level 5 in Shields
  3911 | D:6      | Reached XP level 9. HP: 61/61 MP: 9/9
  4117 | D:5      | Entered Level 5 of the Dungeon
  4130 | D:5      | Found Erushrisi's Neck Hole.
  4153 | D:5      | Reached skill level 5 in Throwing
  4160 | D:5      | Found Zin's Purification Station.
  4163 | D:5      | Found a glowing silver altar of Zin.
  4204 | D:5      | Noticed Menkaure
  4209 | D:5      | Killed Menkaure
  4210 | D:5      | Reached skill level 6 in Unarmed Combat
  4327 | D:4      | Noticed a rust devil
  4567 | D:4      | Killed a rust devil
  5012 | D:5      | Found a sacrificial altar of Ru.
  5402 | D:5      | Reached skill level 5 in Ranged Weapons
  5695 | D:6      | Reached XP level 10. HP: 68/68 MP: 10/10
  6354 | D:7      | Noticed Jeremiah
  6366 | D:7      | Killed Jeremiah
  6367 | D:7      | Reached skill level 7 in Unarmed Combat
  6394 | D:7      | Found a shimmering altar of Xom.
  6571 | D:7      | Found an ancient bone altar of Kikubaaqudgha.
  6787 | D:8      | Noticed Gastronok
  6797 | D:8      | Found a hide-covered altar of Uskayaw.
  6834 | D:8      | Mangled by Gastronok

Illustrated notes

Levels and vault maps discovered:
D:1:      dpeg_arrival_renting, layout_basic,
          hellmonk_ecumenical_altar_prayer_group, dk_noncrumbling_4
D:2:      cheibrodos_fertilizer, layout_rooms, serial_glass, glass_columns_b,
          glass_columns_b, glass_columns_b, glass_columns_a,
          grunt_decor_arrowhead, uniq_natasha
D:3:      layout_basic, nicolae_houndstooth_variations
D:4:      layout_basic, temple_garden, gup_sewer_entry_bowl,
          minmay_divided_ellipse
D:5:      layout_loops_ring, nicolae_ru_sacrificial_ziggurat, zin_purify,
          nicolae_shop_sticking_my_neck_out, uniq_menkaure
D:6:      layout_basic, minmay_ruffians
D:7:      layout_rooms, regret_index_xom_of_box, nicolae_overflow_hidden_temple,
          uniq_crazy_yiuf_cottage, uniq_duvessa, uniq_jeremiah
D:8:      layout_basic, mainiacjoe_overflow_brackets, uniq_joseph,
          uniq_gastronok, uniq_pikel, uniq_grum
Temple:   nicolae_temple_figure_eight

Skill      XL: |  1  2  3  4  5  6  7  8  9 10 |
---------------+-------------------------------+-----
Unarmed Combat | 3 4 5 6 7 |  7.4
Ranged Weapons | 1 2 3 4 5 |  5.6
Fighting       | 4 5 6 |  6.6
Dodging        | 4 5 6 |  6.5
Shields        | 4 5 6 |  6.4
Throwing       | 2 4 5 6 |  6.2

Action                     |  1- 3 |  4- 6 |  7- 9 | 10-12 || total
---------------------------+-------+-------+-------+-------++-------
  Melee: Unarmed           |    48 |    14 |    15 |       ||    77
         Constrict         |    14 |     7 |    20 |    13 ||    54
         Tentacles         |     6 |     7 |    20 |    17 ||    50
         Punch             |     1 |     1 |     3 |     4 ||     9
         Spear             |       |    27 |    69 |    56 ||   152
         Mace              |       |       |     5 |       ||     5
   Fire: Sling             |    58 |    73 |   171 |    25 ||   327
         Shortbow          |       |       |       |     8 ||     8
  Throw: Dart              |       |       |     6 |    12 ||    18
    Use: Scroll            |     3 |       |    11 |       ||    14
         Potion            |     1 |       |     1 |       ||     2
   Stab: Sleeping          |     1 |     1 |       |     1 ||     3
         Distracted        |       |       |     1 |       ||     1
 Armour: Skin              |    21 |    29 |    52 |    27 ||   129
  Dodge: Dodged            |    39 |    28 |    61 |    69 ||   197
  Block: Buckler           |     5 |       |       |       ||     5
         Kite shield       |     2 |    32 |    87 |    63 ||   184
